cohdb
Replays
Latest Replays
All Replays
Popular Replays
Top Player Replays
Match Explorer
How It Works
Community
CoH3 Stats
Reddit
Sign in to upload your games and track your stats! →
Sign in with Steam
Match 33955860
Unlisted
Match 33955860
Overview
Messages
Build Orders
End
Engineer Squad
Selects Advanced Infantry Battlegroup
Construct Barracks
Riflemen Squad
1⁄4-ton 4x4 Truck
Riflemen Squad
Riflemen Squad
Infantry Support Center
Selects Ammunition Storage
Construct Motor Pool
Selects Convert to Ranger Squad
Selects Ammunition Storage
Selects Convert to Ranger Squad
M1 Anti-tank Gun Team
Construct Medical Station
M1 Anti-tank Gun Team
Advanced Logistics
Selects Designate Assault Position
Selects Designate Assault Position
Designate Assault Position
Construct Weapon Support Center
Convert to Ranger Squad
Survival Training
Convert to Ranger Squad
M3 Armored Personnel Carrier
Selects Ranger Weapon Training
Convert to Ranger Squad
M3 Armored Personnel Carrier
Lieutenant Guy
SovietBuffalo
Microsoft Office Excel
Microsoft Office Word
0
0
Comments
sign in to comment!
No comments posted yet!